Map: Crête de Lerilak

Players

Para - Winner!

  • Race: Protoss Protoss
  • Spawn Location: 5:00

zidar

  • Race: Zerg Zerg
  • League: Silver
  • Spawn Location: 7:00

VOD

Have the link to the VOD?

Description

Time

  • Played on: Dec. 16, 2015, 9:37 a.m.
  • Length: 18:07
Show
View Real Time Build Order
Export as new Build Order

Para Protoss - Winner!

Build Orders:  

Get SALT Encoding   

  12  0:01  Probe (Chrono Boost)  
  13  0:11  Probe (Chrono Boost)  
  14  0:25  Probe (Chrono Boost)  
  14  0:26  Pylon  
  15  0:44  Probe (Chrono Boost)  
  15  0:46  Gateway  
  16  0:52  Gateway  
  16  0:55  Probe (Chrono Boost)  
  17  1:05  Assimilator  
  17  1:06  Probe (Chrono Boost)  
  18  1:16  Probe (Chrono Boost)  
  19  1:20  Pylon  
  19  1:27  Probe (Chrono Boost)  
  19  1:28  Assimilator  
  20  1:38  Cybernetics Core  
  20  1:39  Probe (Chrono Boost)  
  21  1:45  Zealot  
  23  1:51  Probe (Chrono Boost)  
  24  2:01  Probe (Chrono Boost)  
  25  2:12  Probe (Chrono Boost)  
  26  2:19  Adept x2  
  26  2:20  Warp Gate (Chrono Boost)  
  30  2:42  Probe  
  31  3:03  Nexus  
  31  3:07  Pylon  
  31  3:16  Pylon  
  31  3:25  Adept x2, Probe  
  36  3:44  Robotics Facility  
  36  3:45  Pylon  
  36  3:52  Gateway  
  36  3:56  Gateway  
  36  4:00  Gateway  
  36  4:05  Pylon  
  36  4:15  Probe  
  37  4:17  Probe  
  38  4:30  Adept x2  
  40  4:32  Probe  
  40  4:34  Probe  
  40  4:38  Pylon  
  42  4:42  Mothership Core, Observer  
  45  4:55  Gateway  
  45  4:56  Probe  
  46  5:02  Probe  
  46  5:03  Warp Prism (Chrono Boost)  
  49  5:14  Probe, Pylon  
  49  5:15  Probe  
  51  5:24  Probe  
  51  5:25  Pylon  
  52  5:33  Probe  
  53  5:48  Forge  
  53  5:49  Probe  
  53  5:50  Probe, Forge  
  53  5:53  Stalker x2  
  59  6:00  Twilight Council  
  59  6:04  Assimilator  
  59  6:18  Probe  
  59  6:19  Probe  
  59  6:24  Protoss Ground Weapons Level 1 (Chrono Boost), Stalker x3, Protoss Ground Armor Level 1 (Chrono Boost)  
  67  6:29  Probe  
  67  6:31  Probe  
  63  7:10  Stalker x3  
  63  7:11  Stalker x3  
  63  7:14  Probe x2  
  75  7:22  Assimilator  
  75  7:26  Probe  
  76  7:36  Stalker x4  
  84  7:37  Stalker  
  84  7:39  Observer  
  84  7:41  Blink (Chrono Boost)  
  86  7:50  Stalker  
  88  8:01  Immortal  
  88  8:05  Probe x2  
  94  8:08  Stalker x4  
  102  8:18  Pylon  
  102  8:19  Protoss Ground Weapons Level 2, Protoss Ground Armor Level 2  
  102  8:20  Pylon  
  102  8:37  Pylon x2  
  96  9:06  Stalker x6  
  108  9:11  Immortal  
  112  9:34  Zealot  
  112  9:35  Zealot x4  
  122  9:50  Observer  
  123  9:55  Adept x2  
  123  9:56  Adept  
  123  9:58  Adept  
  131  10:10  Stalker  
  133  10:16  Pylon  
  133  10:21  Mothership Core  
  125  10:39  Dark Shrine  
  125  10:43  Stalker x3  
  125  10:44  Stalker  
  125  10:48  Pylon  
  127  10:50  Pylon  
  127  11:00  Stalker x2  
  129  11:32  Adept x2  
  131  11:33  Adept x3  
  123  11:54  Dark Templar x5  
  131  12:31  Protoss Ground Weapons Level 3  
  127  12:37  Protoss Ground Armor Level 3  
  127  12:41  Stalker x5  
  137  12:46  Nexus  
  137  12:48  Pylon x2  
  131  13:22  Stalker  
  131  13:23  Stalker x3  
  71  13:58  Stalker x3  
  71  13:59  Stalker  
  75  14:09  Dark Templar  
  67  14:26  Stalker  
  67  14:35  Assimilator  
  67  14:39  Assimilator  
  67  14:59  Dark Templar  
  67  15:09  Stalker  
  69  15:25  Stalker x2  
  69  15:26  Stalker  
  75  15:32  Stalker  
  75  15:51  Dark Templar x2  
  79  15:59  Stalker x3  
  85  16:07  Gateway  
  85  16:09  Gateway  
  81  16:23  Zealot  
  81  16:36  Stalker  
  81  16:37  Stalker x4  
  91  16:53  Pylon  
  89  17:32  Nexus, Stalker  
  89  17:33  Pylon, Stalker x3  
  89  17:35  Pylon  
  97  17:43  Gateway  
  97  17:44  Gateway  
  97  17:52  Stalker  
  97  18:06  Stalker x3  
Show
View Real Time Build Order
Export as new Build Order

zidar Zerg 

Build Orders: Hatch First 

Get SALT Encoding   

  12  0:01  Drone  
  13  0:12  Overlord  
  13  0:19  Drone  
  14  0:30  Drone x2  
  14  0:34  Drone  
  17  0:57  Hatchery  
  17  0:58  Drone  
  17  1:04  Extractor  
  17  1:06  Drone  
  17  1:22  Spawning Pool, Drone  
  17  1:32  Drone x2  
  19  1:41  Drone  
  20  1:51  Overlord  
  20  2:02  Drone  
  21  2:18  Queen x2  
  21  2:20  Drone x2  
  27  2:30  Drone x2  
  27  2:33  Metabolic Boost  
  29  2:50  Roach Warren  
  32  2:51  Drone x4  
  32  2:57  Extractor  
  31  3:02  Extractor  
  31  3:03  Overlord  
  30  3:05  Drone x2  
  30  3:07  Drone  
  33  3:26  Drone x2  
  35  3:27  Overlord  
  35  3:28  Overlord x2  
  35  3:35  Zergling x4  
  35  3:37  Zergling x2  
  35  3:39  Zergling x2  
  39  3:42  Zergling x2  
  40  3:50  Drone x3  
  43  3:56  Lair  
  43  4:13  Roach  
  43  4:14  Roach x3  
  46  4:40  Roach x7  
  60  4:48  Roach  
  60  4:49  Roach x3  
  68  4:52  Overlord  
  68  4:55  Overlord  
  68  5:05  Hydralisk Den  
  67  5:14  Overlord  
  67  5:18  Roach x4  
  75  5:24  Glial Reconstitution  
  75  5:29  Drone x2  
  75  5:33  Ravager x3  
  75  5:34  Ravager x2  
  82  5:44  Muscular Augments  
  82  5:49  Hydralisk  
  84  5:56  Extractor  
  83  6:16  Hydralisk x4  
  83  6:18  Hatchery  
  90  6:29  Hydralisk  
  92  6:33  Overlord x2  
  91  7:17  Drone x6  
  91  7:18  Drone x2  
  91  7:19  Overseer  
  91  7:20  Overseer  
  99  7:31  Hydralisk x4  
  99  7:32  Hydralisk x3  
  113  7:46  Drone  
  113  7:49  Overlord x3  
  114  8:07  Queen  
  114  8:11  Evolution Chamber  
  115  8:13  Evolution Chamber  
  114  8:40  Hatchery  
  113  8:58  Roach x10, Hydralisk x2  
  135  9:08  Hydralisk  
  137  9:42  Zerg Missile Weapons Level 1, Zerg Ground Armor Level 1  
  137  10:34  Overlord x3  
  98  11:08  Hydralisk  
  98  11:09  Hydralisk x3  
  98  11:10  Hydralisk x2  
  98  11:11  Hydralisk x3  
  110  11:12  Hydralisk x4  
  110  11:13  Hydralisk x2  
  100  12:20  Overseer  
  81  12:55  Hydralisk x2  
  81  12:56  Hydralisk x3  
  81  12:57  Hydralisk x3  
  81  12:58  Hydralisk x4  
  99  12:59  Hydralisk x3  
  99  13:00  Hydralisk x3  
  117  13:09  Drone  
  36  14:21  Spawning Pool  
  35  14:39  Overseer  
  35  15:08  Zergling x2  
  35  15:09  Zergling x28  
  50  16:43  Zergling x12  
  50  16:44  Zergling x6  
  59  16:59  Zergling x6  
  49  17:25  Zergling x2  
  49  17:26  Zergling x10  
Tags
 
League
Silver
Matchup
PvZ
Spawn Locations
Close Positions
Add a new tag
Caveats
  • Supply blocks, unpowered buildings, or Contaminate may cause inaccurate times.
  • Supply counts are checked every 10 seconds.